[Event "Late-Titled-Tuesday-Blitz-June-25-2024"]
[Site "Chess.com"]
[Date "2024.06.25"]
[Round "6"]
[White "mostafa_sakha"]
[Black "prxcess_brownie"]
[Result "0-1"]
[WhiteElo "2430"]
[BlackElo "2243"]
[TimeControl "180+1"]
[EndTime "15:04:51 PDT"]
[Termination "prxcess_brownie won by resignation"]

1. d4 Nf6 2. c4 g6 3. Nc3 Bg7 4.
e4 d6 5. Nf3 O-O 6. Be2 e5 7. O-O Nc6 8. d5 Ne7 9. Ne1 Ne8 10. Be3 f5 11. f3 f4 12. Bf2 g5 13. c5 Ng6 14. Rc1 h5 15. Kh1 Rf7 16. Rg1 Nf6 17. g3 g4 18. gxf4 Nxf4 19. Bh4 Qf8 20.
Nd3 Nxe2 21. Qxe2 gxf3 22. Qxf3 Ng4 23. Qg3 Rf3 24. Qg2 Rxd3 25. Rcf1 Qe8 26. h3 Rxh3+ 27. Qxh3 Nf2+ 28. Rxf2 Bxh3 29. Rg5 Kh7 30. Ne2 Bg4 31.
Ng3 Bh6 32. Rxg4 hxg4 33. Nf5 Qh5 34. Kg2 Rf8 35. Bg3 Qh3+ 36. Kg1 Rxf5 37. exf5 Be3 0-1

[Event "Late-Titled-Tuesday-Blitz-June-25-2024"]
[Site "Chess.com"]
[Date "2024.06.25"]
[Round "6"]
[White "corvachesky"]
[Black "hoshiboshi"]
[Result "1-0"]
[WhiteElo "2480"]
[BlackElo "2247"]
[TimeControl "180+1"]
[EndTime "15:04:51 PDT"]
[Termination "corvachesky won on time"]

1. Nf3 Nf6 2. b3 g6 3. Bb2 Bg7 4. e3 O-O 5. Be2 d6 6. d4 Nbd7 7. O-O b6 8. c4 Bb7 9. d5 c6 10. dxc6 Bxc6 11. Nc3 Rc8 12. Nd4 Bb7 13. Bf3 Bxf3 14.
Qxf3 Ne5 15. Qe2 Nc6 16. Rad1 Qd7 17. Rfe1 Rfd8 18. h3 a6 19. Nd5 Nxd5 20. cxd5 Nb4 21. a3 Nxd5 22. Qxa6 Ra8 23. Qe2 Nc7 24. a4 Ne6 25.
Nxe6 Qxe6 26. Bxg7 Kxg7 27. Qb2+ f6 28. Rc1 Rdc8 29.
Rxc8 Rxc8 30. b4 Rc4 31. Ra1 Qc8 32. a5 Rc2 33. Qd4 Qf5 34. e4 Qf4 35. a6 Rc1+ 36. Rxc1 Qxc1+ 37. Kh2 b5 38. a7 Qf4+ 39. g3 1-0

[Event "Late-Titled-Tuesday-Blitz-June-25-2024"]
[Site "Chess.com"]
[Date "2024.06.25"]
[Round "6"]
[White "fin"]
[Black "TokChess"]
[Result "1-0"]
[WhiteElo "2724"]
[BlackElo "2514"]
[TimeControl "180+1"]
[EndTime "15:04:52 PDT"]
[Termination "fin won on time"]

1. e4 c5 2. Nf3 e6 3. d4 cxd4 4.
Nxd4 a6 5. Bd3 Bc5 6. Nb3 Ba7 7.
Qe2 Nc6 8. Be3 d6 9. Nc3 Nf6 10. Bxa7 Rxa7 11. O-O-O Qc7 12. Kb1 b5 13. f4 b4 14. Na4 O-O 15. Qf2 e5 16. f5 Nd7 17.
g4 Qa5 18. Bc4 Qxa4 19. Rxd6 Nd4 20. Nxd4 exd4 21. Qxd4 Rc7 22. e5 Nxe5 23. Bb3 Qa5 24. Rd5 Nf3 25. Qe3 Nd2+ 26. Qxd2 Qb6 27. Rd1 Bb7 28. Rd6 Qc5 29. Rd8 Rc8 30. Rd7 Be4 31. f6 gxf6 32. Rd4 Rfe8 33. Rxb4 a5 34. Rc4 Qb5 35. Rxc8 Rxc8 36. Qe3 Bg6 37. Qd4 Qg5 38. h3 Kg7 39. Rf1 Rc6 40. a3 Qc5 41. Qd2 1-0

[Event "Late-Titled-Tuesday-Blitz-June-25-2024"]
[Site "Chess.com"]
[Date "2024.06.25"]
[Round "6"]
[White "sari07"]
[Black "guineo59"]
[Result "0-1"]
[WhiteElo "2352"]
[BlackElo "2218"]
[TimeControl "180+1"]
[EndTime "15:04:52 PDT"]
[Termination "guineo59 won by checkmate"]

1. d4 Nf6 2. Nf3 g6 3. e3 Bg7 4. b4 O-O 5. Bb2 d6 6. Be2 Nbd7 7. O-O Qe8 8. c4 e5 9. dxe5 dxe5 10. Nbd2 Qe7 11. c5 Nd5 12. Qb3 c6 13. Nc4 b6 14.
Ncxe5 Nxe5 15. Nxe5 Bxe5 16. Rac1 Bxb2 17. Qxb2 b5 18.
Bf3 Be6 19. g3 a5 20. a3 axb4 21. axb4 Ra4 22. Bxd5 Bxd5 23. Rc3 Ra2 24. Qb1 Qe5 25.
Rd3 Rfa8 26. Rd4 Qf6 27. f4 Rg2+ 28. Kh1 Rb2+ 29. Kg1 Rxb1 30. Rxb1 Ra2 31. Rbd1 Qe6 32. e4 Qh3 33. R1d2 Rxd2 34. Rxd2 Bxe4 35. Re2 Bd5 36.
Rd2 Qg4 37. Kf2 Qf3+ 38. Ke1 Qe4+ 39. Kd1 Qxb4 40. g4 Qxc5 41. g5 Qg1+ 42. Kc2 b4 43.
h4 Qc5+ 44. Kb1 Qc3 45. Rb2 Be4+ 46. Ka1 Qa3+ 47. Ra2 Qc1# 0-1

[Event "Late-Titled-Tuesday-Blitz-June-25-2024"]
[Site "Chess.com"]
[Date "2024.06.25"]
[Round "6"]
[White "drdaro"]
[Black "DucksParadise"]
[Result "0-1"]
[WhiteElo "2311"]
[BlackElo "2582"]
[TimeControl "180+1"]
[EndTime "15:04:53 PDT"]
[Termination "DucksParadise won by checkmate"]

1. Nf3 Nf6 2. g3 g6 3. Bg2 Bg7 4. O-O O-O 5. d4 d5 6. c4 Nc6 7.
cxd5 Nxd5 8. Nc3 Nb6 9. e3 Re8 10. Qc2 e5 11. d5 Nb4 12. Qb3 N4xd5 13. Rd1 Be6 14. e4 Nxc3 15. Rxd8 Ne2+ 16. Kf1 Bxb3 17. Rxe8+ Rxe8 18. axb3 Nxc1 19. Rxc1 c6 20. Rd1 Bf8 21. Bh3 Bc5 22. Rd3 Bd4 23. Nxd4 Rd8 24. Ke2 exd4 25. b4 Nc4 26. b3 Ne5 27. Rd1 g5 28. f4 g4 29. Bg2 Ng6 30. Kd3 Ne7 31. Kc4 b5+ 32. Kc5 d3 33. Rd2 f6 34. Bf1 Kf7 35.
Rxd3 Rxd3 36. Bxd3 Ke6 37. Be2 h5 38. Bf1 Kd7 39.
h3 gxh3 40. Bxh3+ Kc7 41. Bg2 Ng6 42. Bf3 h4 43. gxh4 Nxh4 44. Bh5 Ng2 45. e5 Nxf4 46. Bf3 Ne6# 0-1

[Event "Late-Titled-Tuesday-Blitz-June-25-2024"]
[Site "Chess.com"]
[Date "2024.06.25"]
[Round "6"]
[White "NailBashirli"]
[Black "zsizsi99"]
[Result "1-0"]
[WhiteElo "2762"]
[BlackElo "2560"]
[TimeControl "180+1"]
[EndTime "15:04:55 PDT"]
[Termination "NailBashirli won by resignation"]

1. e4 c5 2. Nf3 Nc6 3. Bb5 Nf6 4.
Nc3 g6 5. O-O Bg7 6. Bxc6 dxc6 7. d3 O-O 8. h3 Nd7 9. Be3 e5 10.
Qd2 Re8 11. Nh2 b6 12. f4 exf4 13. Bxf4 Ne5 14. Rf2 Be6 15. Raf1 Qd7 16. Nf3 Nxf3+ 17. Rxf3 c4 18. Bh6 Bd4+ 19. Kh1 Bh8 20. Bg5 cxd3 21.
cxd3 c5 22. a3 c4 23. Rd1 cxd3 24. Rxd3 Qc7 25. Nd5 Bxd5 26. exd5 Rac8 27. d6 Qd7 28.
Re3 Rxe3 29. Bxe3 Re8 30. Bg5 Re5 31. Be7 Re6 32. Qc2 Bf6 33. Qc7 Rxe7 34. dxe7 Qxe7 35. Qxe7 Bxe7 36. Rd7 Bf6 37. b3 a5 38. Rd6 Bb2 39.
Rxb6 Bxa3 40. g3 Bb4 41. Kg2 Kg7 42. Kf3 h5 43. Ke4 Be1 44. g4 hxg4 45. hxg4 Bb4 46. Rb5 Be1 47. Kd5 Bb4 48. Kc6 Kf6 49. Kd7 Bc3 50. g5+ Kg7 51. Ke8 Bd2 52. Rd5 Bc1 53. Rxa5 f6 54. Ra7+ 1-0

[Event "Late-Titled-Tuesday-Blitz-June-25-2024"]
[Site "Chess.com"]
[Date "2024.06.25"]
[Round "6"]
[White "Flaccidmoves"]
[Black "Yaacovn"]
[Result "0-1"]
[WhiteElo "2532"]
[BlackElo "2693"]
[TimeControl "180+1"]
[EndTime "15:04:55 PDT"]
[Termination "Yaacovn won by resignation"]

1. Nf3 Nf6 2. g3 b6 3. Bg2 Bb7 4. O-O g6 5. c4 Bg7 6. d4 O-O 7. Nc3 Ne4 8. Nxe4 Bxe4 9. d5 e6 10. Bg5 Qc8 11. Qb3 Qb7 12. Rfd1 Na6 13. Rac1 Nc5 14.
Qa3 a5 15. Be7 Rfe8 16. Bxc5 bxc5 17. b3 d6 18. dxe6 Rxe6 19. Rd2 Re7 20. Ne1 Bxg2 21. Nxg2 Ree8 22. e3 a4 23. Nf4 axb3 24. Qxb3 Reb8 25. Nd5 Qxb3 26. axb3 Ra7 27. Ne7+ Kf8 28. Nc6 Rba8 29. Nxa7 Rxa7 30. Rb1 Ke7 31. Kf1 Ke6 32. Ke2 h5 33. f4 f5 34. Kf3 Kd7 35. e4 fxe4+ 36. Kxe4 Bd4 37. Kf3 Ra8 38. Re2 Ra3 39. h3 c6 40.
g4 hxg4+ 41. hxg4 d5 42. f5 gxf5 43. gxf5 dxc4 44. Ke4 cxb3 45. Rh2 b2 46. Rh7+ Kd6 47. Rh6+ Kd7 48. Rh7+ Ke8 49. Rhh1 Kf7 50. Rh7+ Kf6 51. Rh6+ Kg7 52. Rg6+ Kf7 53. Rh6 Ra1 54. Rhh1 Kf6 55.
Rh6+ Kg5 56. Rhh1 Kg4 57. Rhf1 Kg5 58. Rh1 Ra3 59. Rhg1+ Bxg1 60. Rxg1+ Kf6 61. Rb1 Rb3 0-1

[Event "Late-Titled-Tuesday-Blitz-June-25-2024"]
[Site "Chess.com"]
[Date "2024.06.25"]
[Round "6"]
[White "AldokhinIvan"]
[Black "ninjatrick"]
[Result "0-1"]
[WhiteElo "2637"]
[BlackElo "2512"]
[TimeControl "180+1"]
[EndTime "15:04:55 PDT"]
[Termination "ninjatrick won on time"]

1. e4 e5 2. Nf3 Nc6 3. Bb5 Nf6 4. O-O Nxe4 5. Re1 Nd6 6. Bxc6 dxc6 7. Nxe5 Be7 8. b3 O-O 9. Bb2 Bf6 10. d3 Re8 11. Nd2 Bf5 12. Qf3 Bg6 13. g4 Nb5 14. Qg3 Bh4 15. Qg2 Bf6 16. Ndf3 h6 17. Qg3 Nd6 18. h4 Re6 19. g5 hxg5 20. hxg5 Nf5 21. Qf4 Bxe5 22.
Rxe5 Qd7 23. Rae1 Rae8 24. Rxe6 Rxe6 25. Rxe6 Qxe6 26. Qxc7 Qe2 27. Qb8+ Kh7 28. Qh2+ Kg8 29. Qb8+ Kh7 30. Nd4 Qg4+ 31. Kf1 Qd1+ 32. Kg2 Qg4+ 33. Kf1 Qh3+ 34. Ke2 Bh5+ 35. Kd2 Qf1 36. Qf4 Qd1+ 37.
Kc3 Qe1+ 38. Qd2 Qe5 39. Kc4 b5+ 40. Kb4 Nxd4 41. Qc3 Qd6+ 42. Qc5 Nxc2+ 43. Ka5 Qxc5 0-1

[Event "Late-Titled-Tuesday-Blitz-June-25-2024"]
[Site "Chess.com"]
[Date "2024.06.25"]
[Round "6"]
[White "DryCounty"]
[Black "Gzucaritas"]
[Result "1-0"]
[WhiteElo "2630"]
[BlackElo "2041"]
[TimeControl "180+1"]
[EndTime "15:04:55 PDT"]
[Termination "DryCounty won on time"]

1. e4 e6 2. d4 d5 3. exd5 exd5 4. Nf3 Nf6 5. Bd3 Bd6 6. Qe2+ Be7 7. O-O O-O 8. Re1 Re8 9. Bg5 Bd7 10. Nc3 c6 11.
Qd2 Be6 12. h3 Nbd7 13. Re2 Qb6 14. b3 Bb4 15. a3 Bd6 16. Bf4 Qc7 17. Bxd6 Qxd6 18.
Ne5 Re7 19. f4 Nf8 20. b4 Rae8 21. Rae1 Bc8 22. g4 Ne6 23. Bf5 g6 24. Bxe6 Bxe6 25.
Kh2 Bc8 26. Nd3 Ne4 27. Nxe4 Rxe4 28. Rxe4 Rxe4 29. Rxe4 dxe4 30. Ne5 f6 31. Nc4 Qd5 32. Ne3 Qd6 33. Kg3 f5 34. g5 b6 35. Nc4 Qd5 36. Ne5 Be6 37. c4 Qd8 38. Nxc6 Qd6 39. d5 Bd7 40. Ne5 Be8 41. Qd4 Bc6 42. Nxc6 h6 43. Qe5 Qd8 44. Nxd8 1-0

[Event "Late-Titled-Tuesday-Blitz-June-25-2024"]
[Site "Chess.com"]
[Date "2024.06.25"]
[Round "6"]
[White "HajiyevKanan"]
[Black "Zq1"]
[Result "1/2-1/2"]
[WhiteElo "2601"]
[BlackElo "2496"]
[TimeControl "180+1"]
[EndTime "15:04:56 PDT"]
[Termination "Game drawn - insufficient material"]

1. d4 Nf6 2. Nf3 e6 3. e3 c5 4. Be2 b6 5. O-O Bb7 6. b3 Be7 7. Bb2 O-O 8. c4 cxd4 9. Nxd4 d6 10. Bf3 Qc8 11. Bxb7 Qxb7 12. Qf3 Qxf3 13. gxf3 a6 14. Nc3 Rc8 15. Rfd1 Nbd7 16. Rd2 Kf8 17. Kg2 g5 18. Ne4 Nxe4 19. fxe4 Nc5 20. Kf3 h5 21. h3 Rab8 22. Rc1 Ke8 23. Ba3 Nd7 24. Kg3 b5 25. cxb5 Rxc1 26.
Bxc1 axb5 27. Rc2 Nc5 28. Nc6 Rb6 29. Nxe7 Kxe7 30. f3 b4 31. Bd2 Kd7 32. Rc4 Ra6 33.
Bxb4 Rxa2 34. Bxc5 h4+ 35. Kg4 Rg2+ 36. Kh5 dxc5 37. Rxc5 Rg3 38. Rxg5 Rxf3 39. Rg7 Ke7 40. Kxh4 Rxe3 41. Rg3 Rxe4+ 42. Kg5 f6+ 43. Kg6 f5 44. Kg5 Rb4 45. h4 f4 46. Rf3 e5 47. Kf5 e4 48.
Rxf4 Rxb3 49. Kxe4 Rb4+ 50. Kf5 Rxf4+ 51. Kxf4 Kf6 52.
h5 Kg7 53. h6+ Kxh6 1/2-1/2

[Event "Late-Titled-Tuesday-Blitz-June-25-2024"]
[Site "Chess.com"]
[Date "2024.06.25"]
[Round "6"]
[White "Patolindo"]
[Black "jaramsdal"]
[Result "0-1"]
[WhiteElo "2161"]
[BlackElo "2436"]
[TimeControl "180+1"]
[EndTime "15:04:56 PDT"]
[Termination "jaramsdal won on time"]

1. d4 Nf6 2. c4 g6 3. Nf3 Bg7 4. Nc3 d5 5. Qb3 dxc4 6. Qxc4 O-O 7. Bf4 c6 8. e4 Nbd7 9. Rd1 Qa5 10. Qd3 b5 11. e5 Nd5 12. Bd2 Nb4 13. Qb1 Nb6 14. a3 Na6 15. Nxb5 Qa4 16. b3 Qxb5 17. Bxb5 cxb5 18.
Qd3 Nc7 19. O-O Bf5 20. Qe2 Nbd5 21. Rc1 a6 22. Ba5 Ne6 23. h3 h5 24. Rfd1 Bh6 25.
Ra1 Rfc8 26. Ra2 Nef4 27. Qe1 Bc2 28. Rc1 Bxb3 29. Rxc8+ Rxc8 30. Rb2 Bc2 31. e6 fxe6 32. g3 Nxh3+ 33. Kg2 Bf5 34. Nh4 Ng5 35. Nxf5 gxf5 0-1

[Event "Late-Titled-Tuesday-Blitz-June-25-2024"]
[Site "Chess.com"]
[Date "2024.06.25"]
[Round "6"]
[White "TERMINATOR_PC"]
[Black "MarkusRagger"]
[Result "0-1"]
[WhiteElo "2593"]
[BlackElo "2799"]
[TimeControl "180+1"]
[EndTime "15:04:57 PDT"]
[Termination "MarkusRagger won by resignation"]

1. d4 Nf6 2. Nc3 d5 3. Bf4 g6 4. e3 Bg7 5. Nf3 O-O 6. h3 c5 7. Be2 Nc6 8. O-O cxd4 9. exd4 Bf5 10. Ne5 Rc8 11. Re1 Qb6 12. Nxc6 Rxc6 13. Rb1 a6 14. Bf1 Qd8 15. Qd2 Qd7 16. Rbd1 Rfc8 17. Bd3 b5 18. Bxf5 Qxf5 19. a3 Ne4 20. Nxe4 Rxc2 21.
Ng3 Rxd2 22. Nxf5 Rxd1 23. Nxe7+ Kf8 24. Rxd1 Kxe7 25. Rd2 Ke6 26. f3 Rc4 27. Be3 a5 28. Kf2 Kd7 29. g4 b4 30. axb4 axb4 31. Ke2 Kc6 32.
Kd3 Kb5 33. Rd1 b3 34. Rc1 Bf8 35. Bd2 Bb4 36. Bc3 Bxc3 37. Rxc3 Kb4 38. Rxc4+ dxc4+ 39. Kd2 c3+ 40. Kc1 c2 41. d5 Kc5 42. d6 Kxd6 43. f4 0-1

[Event "Late-Titled-Tuesday-Blitz-June-25-2024"]
[Site "Chess.com"]
[Date "2024.06.25"]
[Round "6"]
[White "LiemLe"]
[Black "Njal28"]
[Result "0-1"]
[WhiteElo "3026"]
[BlackElo "3118"]
[TimeControl "180+1"]
[EndTime "15:04:59 PDT"]
[Termination "Njal28 won by checkmate"]

1. Nf3 Nf6 2. c4 g6 3. Nc3 Bg7 4.
e4 O-O 5. d4 d6 6. Be2 e5 7.
O-O Nc6 8. d5 Ne7 9. b4 a5 10.
bxa5 Rxa5 11. a4 Ra8 12. Nd2 Nd7 13. Nb3 f5 14. a5 Nf6 15. f3 Nh5 16. c5 Nf4 17.
Bc4 g5 18. Ra2 Neg6 19. Be3 Kh8 20. cxd6 cxd6 21. Bb6 Qe7 22. Kh1 Bd7 23. Bb5 fxe4 24. fxe4 Rac8 25. Bxd7 Qxd7 26. Rc2 Nh4 27. g3 Qh3 28.
Rff2 Nh5 29. Qxh5 Rxc3 30. Rxc3 Rxf2 31. Rc8+ Bf8 32. Bxf2 Qg2# 0-1

[Event "Late-Titled-Tuesday-Blitz-June-25-2024"]
[Site "Chess.com"]
[Date "2024.06.25"]
[Round "6"]
[White "smallbaba"]
[Black "jcibarra"]
[Result "1-0"]
[WhiteElo "2616"]
[BlackElo "2907"]
[TimeControl "180+1"]
[EndTime "15:04:59 PDT"]
[Termination "smallbaba won by checkmate"]

1. e4 c5 2. Nc3 a6 3. d4 cxd4 4.
Qxd4 Nc6 5. Qe3 e6 6. b3 Nf6 7. Bb2 Qc7 8. Nf3 d6 9. O-O-O Be7 10.
Rg1 b5 11. g4 Ne5 12. Nxe5 dxe5 13. Kb1 Bb7 14. g5 Nd7 15. Be2 Rc8 16. Bd3 Bc5 17. Qe1 Qb6 18. Rf1 Qc7 19. h4 O-O 20. h5 Qc6 21. f4 Bb4 22. Nd5 exd5 23. Qxb4 dxe4 24.
Be2 Qxc2+ 25. Ka1 Qxe2 26. Rfe1 Qg4 27. g6 h6 28. Qe7 Bc6 29. Rd6 Nf6 30. Rxf6 gxf6 31.
Qxf6 Rce8 32. Qxc6 Qg3 33. gxf7+ Kxf7 34. Rd1 Qxf4 35. Rd7+ Re7 36. Qd5+ Ke8 37. Rd8# 1-0

[Event "Late-Titled-Tuesday-Blitz-June-25-2024"]
[Site "Chess.com"]
[Date "2024.06.25"]
[Round "6"]
[White "Akhayan"]
[Black "chesspingvin1995"]
[Result "0-1"]
[WhiteElo "2402"]
[BlackElo "2274"]
[TimeControl "180+1"]
[EndTime "15:04:59 PDT"]
[Termination "chesspingvin1995 won by resignation"]

1. e4 e6 2. d4 d5 3. exd5 exd5 4. Nf3 Nc6 5. Bd3 Bg4 6. c3 Qf6 7. Nbd2 Bd6 8. O-O Nge7 9. Qc2 h6 10. h3 Bf5 11. Re1 O-O 12. Bxf5 Qxf5 13. Qxf5 Nxf5 14. Nf1 Rfe8 15. Bd2 Kf8 16. g4 Nfe7 17. Ne3 Ng6 18. Nf5 Bf4 19. Be3 Re4 20. Nd2 Re6 21. Kg2 Rae8 22.
Nf1 Nb8 23. Red1 Nd7 24. Kf3 Bxe3 25. N1xe3 Nf6 26. Re1 c6 27. Nc2 Ne4 28. h4 Nd2+ 29. Kg3 Rxe1 30. Rxe1 Rxe1 31. Nxe1 Ne4+ 32. Kf3 Ne7 33. Nxe7 Kxe7 34. Nd3 f6 35. Kf4 g5+ 36. hxg5 hxg5+ 37. Kf5 Kf7 38. Ne5+ fxe5 39. dxe5 Nxf2 40. Kxg5 Ke6 41. Kf4 Nd3+ 42. Ke3 Nxe5 0-1

[Event "Late-Titled-Tuesday-Blitz-June-25-2024"]
[Site "Chess.com"]
[Date "2024.06.25"]
[Round "6"]
[White "Cxrjs"]
[Black "Flawless_Fighter"]
[Result "0-1"]
[WhiteElo "2520"]
[BlackElo "2779"]
[TimeControl "180+1"]
[EndTime "15:04:59 PDT"]
[Termination "Flawless_Fighter won by resignation"]

1. e4 c6 2. d4 d5 3. e5 Bf5 4. h4 h5 5. Bd3 Bxd3 6. Qxd3 Qa5+ 7.
Bd2 Qa6 8. e6 Qxd3 9. exf7+ Kxf7 10. cxd3 Nd7 11. Nf3 e6 12. O-O Be7 13. Bc3 Bf6 14.
Nbd2 Ne7 15. b4 Nf5 16. g3 Nb6 17. a4 Nc8 18. b5 cxb5 19. axb5 Ncd6 20. Rab1 Rhc8 21.
Rfc1 Rc7 22. Ne5+ Kg8 23. Ndf3 Rac8 24. Bd2 Rxc1+ 25. Bxc1 Nxb5 26. Bf4 a6 27. Kg2 Rc2 28. Re1 Nbxd4 29. Nxd4 Nxd4 30. Nd7 Kf7 31. Rb1 b5 32. Be3 Nc6 33. Nxf6 gxf6 34. Kf3 b4 35. d4 a5 36. Ra1 b3 37. Bf4 a4 38. Ke3 b2 39.
Rb1 a3 40. Kd3 Rxf2 41. Bd2 a2 42. Rxb2 a1=Q 0-1

[Event "Late-Titled-Tuesday-Blitz-June-25-2024"]
[Site "Chess.com"]
[Date "2024.06.25"]
[Round "6"]
[White "norwaytoadog"]
[Black "ShimogaTactician"]
[Result "0-1"]
[WhiteElo "2368"]
[BlackElo "2521"]
[TimeControl "180+1"]
[EndTime "15:04:59 PDT"]
[Termination "ShimogaTactician won on time"]

1. e4 g6 2. d4 Bg7 3. Nc3 c6 4. Be3 d5 5. h3 dxe4 6. Nxe4 Nd7 7. Bc4 Ngf6 8. Ng5 Nd5 9. N1f3 b5 10.
Bb3 a5 11. a4 b4 12. Qd2 Ba6 13. h4 h6 14. Ne4 e6 15. Nd6+ Ke7 16. Nc4 Qc7 17.
O-O c5 18. dxc5 Nxe3 19. Qd6+ Kd8 20. fxe3 Bxc4 21. Bxc4 Qxc5 22. Qxc5 Nxc5 23. Rad1+ Ke7 24. Nd4 Rhc8 25. b3 Ne4 26. Nb5 Rxc4 27. bxc4 Rc8 28.
Rf4 Rxc4 29. h5 g5 30. Rff1 f5 31. Rd3 Nc3 32. Rf2 Ne4 33. Rf1 Nc3 34. Rf2 Nxa4 35. Rfd2 Nc5 36. Rd8 Bc3 37. Rd1 a4 38. Nc7 a3 39.
Re8+ Kf6 40. Rdd8 a2 41. Rf8+ Ke5 42. Rd5+ exd5 43. Re8+ Kd6 44. Nb5+ Kd7 0-1

[Event "Late-Titled-Tuesday-Blitz-June-25-2024"]
[Site "Chess.com"]
[Date "2024.06.25"]
[Round "6"]
[White "ErikRonka"]
[Black "Flopezin"]
[Result "0-1"]
[WhiteElo "2487"]
[BlackElo "2396"]
[TimeControl "180+1"]
[EndTime "15:05:00 PDT"]
[Termination "Flopezin won on time"]

1. d4 d5 2. Nf3 Nf6 3. g3 e6 4.
Bg2 Nc6 5. O-O Bd6 6. b3 O-O 7. Bb2 Re8 8. Ne5 Nd7 9. f4 f6 10. Nxc6 bxc6 11. e4 a5 12. Nc3 Ba6 13. Re1 Nb6 14. Bh3 Bb4 15. a3 Bxc3 16. Bxc3 a4 17. Qd2 Qd7 18. Rad1 f5 19. exf5 exf5 20. Re5 g6 21. Rde1 Rxe5 22. fxe5 Qe8 23. e6 axb3 24. cxb3 Nc8 25. Bb4 Nd6 26. Bxd6 cxd6 27. g4 fxg4 28. Bxg4 Qe7 29. Rf1 Rf8 30. Rxf8+ Kxf8 31. Qa5 Bd3 32. Qa8+ Kg7 33. Qxc6 Qg5 34. h3 Qe3+ 35. Kg2 Be4+ 36.
Kf1 Bd3+ 37. Kg2 Qd2+ 38. Kg3 Qe1+ 39. Kg2 Be4+ 0-1

[Event "Late-Titled-Tuesday-Blitz-June-25-2024"]
[Site "Chess.com"]
[Date "2024.06.25"]
[Round "6"]
[White "Dexter_Dyke"]
[Black "Mikhail_Golubev"]
[Result "0-1"]
[WhiteElo "2512"]
[BlackElo "2655"]
[TimeControl "180+1"]
[EndTime "15:05:02 PDT"]
[Termination "Mikhail_Golubev won by resignation"]

1. e4 c5 2. Nf3 d6 3. d4 Nf6 4. Nc3 cxd4 5. Nxd4 Nc6 6. Bg5 e6 7. Qd2 a6 8. O-O-O Bd7 9. Nb3 Be7 10. f4 O-O 11.
Bd3 h6 12. h4 b5 13. Kb1 Qb6 14. f5 Ne5 15. Be3 Qc7 16. g4 Nfxg4 17. Rdg1 Nxe3 18.
Qxe3 Kh8 19. Qf4 Bf6 20. Rg3 Rac8 21. a3 a5 22. Rhg1 Rg8 23. fxe6 fxe6 24. Rg6 Kh7 25. Rxf6 gxf6 26. Rxg8 Rxg8 27. Qxf6 b4 28. axb4 axb4 29.
Ne2 Nxd3 30. cxd3 Bb5 31. Nf4 Rg1+ 32. Ka2 Qa7+ 0-1

[Event "Late-Titled-Tuesday-Blitz-June-25-2024"]
[Site "Chess.com"]
[Date "2024.06.25"]
[Round "6"]
[White "canary2016"]
[Black "schondeln"]
[Result "0-1"]
[WhiteElo "2233"]
[BlackElo "2384"]
[TimeControl "180+1"]
[EndTime "15:05:02 PDT"]
[Termination "schondeln won on time"]

1. d4 d5 2. c4 c6 3. Nf3 Nf6 4. g3 Bg4 5. Ne5 Bf5 6. Bg2 e6 7. O-O Nbd7 8. f4 Be7 9. Nc3 O-O 10. e3 Rc8 11. Kh1 h6 12. b3 Bb4 13. Bb2 Bxc3 14.
Bxc3 Be4 15. Bb4 Re8 16. Ng4 Bxg2+ 17. Kxg2 Ne4 18. Ne5 c5 19. Ba3 b6 20. Qh5 Nxe5 21. fxe5 Rc7 22. Rf4 Qg5 23. Qf3 Qg6 24. Rf1 Nd2 25.
Qe2 Nxf1 26. Qxf1 cxd4 27. exd4 dxc4 28. bxc4 Qc2+ 29. Rf2 Qxc4 30. Qxc4 Rxc4 31. Rd2 Rec8 32. Bd6 Rc2 33. Rxc2 Rxc2+ 34. Kf3 Rxa2 35. h4 Ra5 0-1

[Event "Late-Titled-Tuesday-Blitz-June-25-2024"]
[Site "Chess.com"]
[Date "2024.06.25"]
[Round "6"]
[White "JSPrepz"]
[Black "MagnusCarlsen"]
[Result "0-1"]
[WhiteElo "2821"]
[BlackElo "3168"]
[TimeControl "180+1"]
[EndTime "15:05:05 PDT"]
[Termination "MagnusCarlsen won on time"]

1. e4 a6 2. d4 e6 3. Nc3 b5 4. a3 Bb7 5. Bd3 c5 6. Nf3 c4 7. Be2 Nf6 8. d5 Bc5 9. O-O O-O 10. Bg5 h6 11. Bh4 d6 12. Nd4 e5 13. Nf5 Bc8 14. Kh1 Bxf5 15. exf5 Nbd7 16. Ne4 Qb6 17. Bxf6 Nxf6 18.
Nxf6+ gxf6 19. f4 e4 20. Bh5 Rfe8 21. Qg4+ Kf8 22. Rae1 e3 23. Rf3 Ke7 24. Qg7 Rf8 25. b4 cxb3 26. cxb3 a5 27. b4 axb4 28. axb4 Bd4 29.
h3 Ra3 30. Kh2 Qc7 31. Re2 Qc4 32. Rf1 Qxd5 33. Rc1 Bb6 34. g3 Ra2 35. Rcc2 Rxc2 36. Rxc2 Qxf5 37. Rc6 Qxh5 38. Rxb6 Qe2+ 39. Kh1 Qf1+ 40.
Kh2 Qf2+ 41. Kh1 Qf3+ 42. Kh2 e2 0-1

[Event "Late-Titled-Tuesday-Blitz-June-25-2024"]
[Site "Chess.com"]
[Date "2024.06.25"]
[Round "6"]
[White "Alex_Sahakyan2006"]
[Black "hansen"]
[Result "1-0"]
[WhiteElo "2748"]
[BlackElo "2970"]
[TimeControl "180+1"]
[EndTime "15:05:05 PDT"]
[Termination "Alex_Sahakyan2006 won on time"]

1. e4 e5 2. Nf3 Nc6 3. Nc3 Nf6 4. Bb5 Bd6 5. d3 O-O 6. h3 a6 7. Ba4 Re8 8. Bg5 b5 9. Bb3 Be7 10.
O-O d6 11. a4 Rb8 12. axb5 axb5 13. Qd2 Nb4 14. Ra7 Be6 15. Bxe6 fxe6 16. Ne2 Nc6 17.
Ra6 Qd7 18. Ng3 Rf8 19. Rfa1 Ne8 20. Bxe7 Nxe7 21. Ra8 Nf6 22. Rxb8 Rxb8 23. Qc3 c5 24. b4 cxb4 25. Qxb4 h6 26. Ra6 Nc6 27. Qc3 Rc8 28. Qb3 Rb8 29. Nf1 Kh7 30. Ne3 Qc8 31.
Ra1 Nd4 32. Nxd4 exd4 33. Ng4 Nxg4 34. hxg4 e5 35. g5 hxg5 36. Qf7 Rb7 37. Qh5+ Kg8 38. Qxg5 Rc7 39. Qg6 Rxc2 40. Ra7 Rc1+ 41. Kh2 Rc7 42. Rxc7 Qxc7 43. Qe8+ Kh7 44. Qxb5 Qe7 45. g3 Qf6 46. Kg2 Kh6 47. Qe8 g6 48. Qg8 Qg7 49. Qxg7+ Kxg7 50. Kf3 Kf7 51. Kg4 Kf6 52. f3 Ke6 53. Kg5 Kf7 54.
Kh6 Kf6 55. g4 Kf7 56. g5 Kf8 57. Kxg6 1-0

[Event "Late-Titled-Tuesday-Blitz-June-25-2024"]
[Site "Chess.com"]
[Date "2024.06.25"]
[Round "6"]
[White "zajka-molotok"]
[Black "LikeWater"]
[Result "1-0"]
[WhiteElo "2551"]
[BlackElo "2686"]
[TimeControl "180+1"]
[EndTime "15:05:05 PDT"]
[Termination "zajka-molotok won on time"]

1. e4 c6 2. d4 d5 3. e5 c5 4.
dxc5 e6 5. Nf3 Nd7 6. a3 Nxc5 7. b4 Ne4 8. Bd3 f5 9. exf6 Ngxf6 10. O-O Bd6 11. Bb2 Qc7 12. Nbd2 O-O 13. h3 Nc3 14. Qe1 e5 15. Nb3 d4 16. Bxc3 dxc3 17. Ng5 Bd7 18. Ne4 Rac8 19. Nbc5 Bc6 20. Ne6 Qe7 21. Nxf8 Rxf8 22. Nxf6+ Rxf6 23. Qxc3 e4 24. Rae1 Rf4 25. b5 Bd7 26. Re3 Kf8 27. Rfe1 Be5 28. Qb3 exd3 29.
Rxe5 Qd6 30. Qxd3 Qxd3 31. cxd3 Rd4 32. R1e3 Ra4 33. Rf3+ Kg8 34. Re7 Bxb5 35. Rff7 Rxa3 36. Rxg7+ Kf8 37. Rgf7+ Kg8 38. Rg7+ Kf8 39. Rxh7 Kg8 40.
Reg7+ Kf8 41. Rxb7 Kg8 42. Rbg7+ Kf8 43. Rxa7 1-0

[Event "Late-Titled-Tuesday-Blitz-June-25-2024"]
[Site "Chess.com"]
[Date "2024.06.25"]
[Round "6"]
[White "lluiss"]
[Black "PapaieDudu"]
[Result "0-1"]
[WhiteElo "2256"]
[BlackElo "2462"]
[TimeControl "180+1"]
[EndTime "15:05:05 PDT"]
[Termination "PapaieDudu won on time"]

1. Nf3 d5 2. d4 e6 3. c4 Nf6 4.
cxd5 exd5 5. Nc3 Be7 6. Qc2 O-O 7. Bg5 h6 8. Bh4 Ne4 9. Nxd5 Qxd5 10. Bxe7 Re8 11.
Bb4 Bf5 12. Qb3 Qd8 13. e3 a5 14. Bc3 c5 15. Bc4 Nd6 16. O-O a4 17. Bxf7+ Nxf7 18. Qxb7 Nd7 19. Ne5 Ndxe5 20. dxe5 Nxe5 21. Rad1 Qf6 22.
Rd5 Be4 23. Bxe5 Bxd5 24. Qxd5+ Qf7 25. Qxc5 Re6 26. a3 Rg6 27. Bc3 Re8 28. g3 Rg5 29.
Qd4 Qf3 30. Rd1 Re4 31. Qd8+ Kh7 32. Qd3 Rg6 33. Rf1 Reg4 34. Qd7 h5 0-1

[Event "Late-Titled-Tuesday-Blitz-June-25-2024"]
[Site "Chess.com"]
[Date "2024.06.25"]
[Round "6"]
[White "harshu27"]
[Black "ArchibaldCerveza29"]
[Result "0-1"]
[WhiteElo "2527"]
[BlackElo "2417"]
[TimeControl "180+1"]
[EndTime "15:05:06 PDT"]
[Termination "ArchibaldCerveza29 won by resignation"]

1. d4 Nf6 2. Bf4 g6 3. Nc3 d5 4. e3 Bg7 5. h4 c5 6. dxc5 Nc6 7. Nf3 O-O 8. Bb5 Qa5 9. Bxc6 bxc6 10. O-O Qxc5 11. Nd4 Bb7 12. Na4 Qa5 13. c3 Ne4 14.
b4 Qd8 15. f3 e5 16. fxe4 exf4 17. Nc5 Rb8 18. exf4 dxe4 19. Nxe4 Qxh4 20. Qf3 Bxd4+ 21. cxd4 c5 22. dxc5 f5 23. Qb3+ Kh8 24. Qc3+ Kg8 25. Nd6 Qe7 26. Rfe1 Qd7 27. Qc4+ Kh8 28. Qd4+ Kg8 29.
Re3 Rbd8 30. Rae1 Qc6 31. R1e2 Rd7 32. Re8 Rxd6 33. Rxf8+ Kxf8 34. Qh8+ Kf7 35. Qxh7+ Kf6 36. Qh4+ Kg7 37. Re7+ Kf8 38. Qf6+ Rxf6 0-1